 Dungeon Crawl Stone Soup version 0.22.1-1-ga44c0e5 (webtiles) character file.

266 harcile the Slasher (level 6, -3/53 HPs)
             Began as a Hill Orc Fighter on Oct 30, 2018.
             Was an Initiate of the Shining One.
             Slain by a slave (5 damage)
             ... led by Pikel
             ... on level 4 of the Dungeon.
             The game lasted 00:06:15 (2655 turns).

harcile the Slasher (Hill Orc Fighter)              Turns: 2655, Time: 00:06:15

Health: -3/53      AC:  7    Str: 21    XL:     6   Next: 20%
Magic:  0/6        EV:  8    Int:  8    God:    the Shining One [......]
Gold:   230        SH:  9    Dex: 10    Spells: 4/5 levels left

rFire    . . .     SeeInvis .   a - +0 long sword
rCold    . . .     Gourm    .   c - +0 shield
rNeg     . . .     Faith    .   b - +0 scale mail
rPois    .         Spirit   +   (no helmet)
rElec    .         Reflect  .   (no cloak)
rCorr    .         Harm     .   (no gloves)
MR       .....                  (no boots)
Stlth    ..........             o - amulet of guardian spirit
HPRegen  0.17/turn              (no ring)
MPRegen  0.10/turn              (no ring)

@: slowed, glowing, very slow
A: no striking features
a: Renounce Religion


You were on level 4 of the Dungeon.
You worshipped the Shining One.
The Shining One was noncommittal.
You were not hungry.

You visited 1 branch of the dungeon, and saw 4 of its levels.

You collected 230 gold pieces.

Inventory:

Hand Weapons
 a - a +0 long sword (weapon)
Armour
 b - a +0 scale mail (worn)
 c - a +0 shield (worn)
Jewellery
 o - an amulet of guardian spirit (around neck)
Wands
 v - a wand of scattershot (6)
Scrolls
 e - 2 scrolls of immolation {unknown}
 g - 5 scrolls of identify {unknown}
 h - 2 scrolls of remove curse {unknown}
 j - 2 scrolls of noise {unknown}
 m - a scroll of random uselessness {unknown}
 p - a scroll of enchant armour {unknown}
 q - a scroll of teleportation {unknown}
 t - a scroll of blinking {unknown}
Potions
 d - a potion of might
 i - a potion of degeneration {unknown}
 k - 2 potions of lignification {unknown}
 n - 3 potions of flight {unknown}
 r - 2 potions of brilliance {unknown}
 s - a potion of agility {unknown}
 u - 2 potions of haste {unknown}
Comestibles
 f - 8 rations
 l - 6 chunks of flesh


   Skills:
 + Level 4.4 Fighting
 + Level 4.5 Long Blades
 + Level 4.4 Armour
 - Level 1.0 Dodging
 + Level 4.4 Shields


You had 4 spell levels left.
You knew the following spells:

 Your Spells              Type           Power        Failure   Level  Hunger
z - Shock                 Conj/Air       #...         99%         1    ##.....

Your spell library contained the following spells:

 Spells                   Type           Power        Failure   Level  Hunger
 Swiftness                Chrm/Air       #.......     100%        2    ###....
 Static Discharge         Conj/Air       #.......     100%        3    ####...
 Airstrike                Air            #.........   100%        4    #####..
 Lightning Bolt           Conj/Air       #.........   100%        5    ######.


Dungeon Overview and Level Annotations

Branches:
Dungeon (4/15)
 Temple: D:4-7

Altars:
Sif Muna
Vehumet
Wu Jian
Yredelemnul
The Shining One


Message History

You hear a bark!
You hear a shout!
The slave shouts!
You hear a shout!
You block the jackal's attack. The orc hits you but does no damage.
A worm comes into view.
A slave comes into view.
You block the slave's attack. You block the jackal's attack.
You block the slave's attack.
An orc comes into view. It is wielding a club.
The jackal bites you but does no damage.
There is a stone staircase leading up here.
The orc shouts!
The jackal barely misses you.
You riposte.
You hit the jackal.
The jackal is lightly wounded.
The orc wizard mumbles some strange words.
The orc wizard seems to speed up.
The jackal bites you.
* * * LOW HITPOINT WARNING * * *
The orc barely misses you.
The jackal bites you but does no damage.
The slave hits you!
You die...

.#### ...## #.#o#
######..# #.#.###
........########.#p..
........<).......#w#
........##.........#
................p..#
...........^..ohpp.#
###...........oh@..#
#...ยง..o########.#
#.......# # #.......#
#.......##
###..).....#
...).).....#
...#######..# ...#
#.#


You could see 4 slaves, a worm, an orc wizard, 3 orcs and 2 jackals.

Vanquished Creatures
  A phantom (D:2)
  Ijyb (D:4)
  A worker ant (D:3)
  6 adders
  An ooze (D:2)
  A worm (D:2)
  A dart slug (D:2)
  A leopard gecko (D:1)
  7 orcs
  A giant cockroach (D:2)
  6 goblins
  6 hobgoblins
  5 jackals
  8 kobolds
  7 bats
  3 frilled lizards
  A quokka skeleton (D:4)
  5 rats
62 creatures vanquished.

Notes
Turn   | Place    | Note
-------+----------+-------------------------------------------
     0 | D:1      | harcile the Hill Orc Fighter began the quest for the Orb.
     0 | D:1      | Reached XP level 1. HP: 19/19 MP: 1/1
   161 | D:1      | Reached XP level 2. HP: 25/27 MP: 2/2
   916 | D:2      | Reached XP level 3. HP: 8/33 MP: 3/3
  1236 | D:2      | Learned a level 1 spell: Shock
  1302 | D:2      | Found an ornate altar of the Wu Jian Council.
  1306 | D:2      | Noticed a phantom
  1434 | D:2      | Found a deep blue altar of Sif Muna.
  1485 | D:2      | Reached XP level 4. HP: 15/40 MP: 4/4
  1724 | D:2      | Killed a phantom
  1724 | D:2      | Reached XP level 5. HP: 24/46 MP: 5/5
  2323 | D:3      | Reached skill level 1 in Dodging
  2436 | D:3      | Reached XP level 6. HP: 47/53 MP: 4/6
  2496 | D:4      | Noticed Ijyb
  2525 | D:4      | Killed Ijyb
  2560 | D:4      | Found a basalt altar of Yredelemnul.
  2560 | D:4      | Found a glowing golden altar of the Shining One.
  2560 | D:4      | Found a radiant altar of Vehumet.
  2608 | D:4      | Became a worshipper of the Shining One
  2649 | D:4      | HP: 2/53 [orc wizard/magic dart (8)]
  2650 | D:4      | Noticed a slave
  2652 | D:4      | Noticed a slave
  2652 | D:4      | Noticed a slave
  2654 | D:4      | Noticed a slave
  2655 | D:4      | HP: 2/53 [jackal (2)]
  2655 | D:4      | Slain by a slave

Skill      XL: |  1  2  3  4  5 |
---------------+----------------+-----
Long Blades    | 3 4 |  4.5
Fighting       | 4 |  4.4
Armour         | 4 |  4.4
Shields        | 4 |  4.4
Dodging        | 1 |  1.0

Action                   |  1- 3 |  4- 6 || total
-------------------------+-------+-------++-------
Melee: Long sword        |   148 |   162 ||   310
  Eat: Chunk             |     2 |     4 ||     6
Armor: Scale mail        |    84 |    68 ||   152
Dodge: Dodged            |    50 |    52 ||   102
Block: Shield            |   109 |    86 ||   195
       Rpst.: Long sword |    16 |    14 ||    30
